 Dungeon Crawl Stone Soup version 0.27.1-34-g3ba077fa99 (webtiles) character file.

Game seed: 5808405055220191033

46 zeram the Sneak (level 3, -3/21 HPs)
             Began as an Octopode Enchanter on Jan 20, 2022.
             Slain by an adder (4 damage)
             ... on level 2 of the Dungeon.
             The game lasted 00:02:21 (1247 turns).

zeram the Sneak (Octopode Enchanter)                Turns: 1247, Time: 00:02:22

Health: -3/21      AC:  1    Str:  7    XL:     3   Next: 68%
Magic:  6/6        EV: 13    Int: 18    God:
Gold:   77         SH:  0    Dex: 12    Spells: 0/6 levels left

rFire    + . .     SeeInvis .   a - +1 dagger
rCold    + . .     Faith    .   (no shield)
rNeg     . . .     Spirit   .   (helmet restricted)
rPois    +         Reflect  .   (no amulet)
rElec    +         Harm     .   (no ring)
rCorr    +         Rampage  .   (no ring)
Will     .....                  (no ring)
Stlth    ++++......             (no ring)
HPRegen  0.07/turn              (no ring)
MPRegen  0.10/turn              (no ring)
                                (no ring)
                                (no ring)

@: lethally poisoned (-3 -> -5), resistant
A: almost no armour, amphibious, 8 rings, camouflage 1, gelatinous body 1,
(nimble swimmer 1), tentacles
a: no special abilities


You were on level 2 of the Dungeon.
You visited 1 branch of the dungeon, and saw 2 of its levels.

You collected 77 gold pieces.

Inventory:

Hand Weapons
 a - a +1 dagger (weapon)
Scrolls
 b - a scroll of immolation {unknown}
 d - a scroll of enchant armour {unknown}
 e - a scroll of amnesia {unknown}
 f - a scroll of acquirement {unknown}


   Skills:
 + Level 0.1 Fighting
 + Level 1.2 Short Blades
 + Level 2.2 Dodging
 + Level 5.5 Stealth
 + Level 2.1 Spellcasting
 + Level 3.3 Hexes


You couldn't memorise any spells.
You knew the following spells:

 Your Spells              Type           Power      Damage    Failure   Level
a - Corona                Hex            14%        N/A       4%          1
b - Ensorcelled Hibernat  Hex/Ice        14%        N/A       14%         2
c - Tukima's Dance        Hex            13%        N/A       14%         3

Your spell library contained the following spells:

 Spells                   Type           Power      Damage    Failure   Level
 Confusing Touch          Hex            13%        N/A       14%         3
 Dazzling Flash           Conj/Hex       14%        N/A       26%         3
 Spider Form              Tmut/Pois      0%         N/A       47%         3
 Blade Hands              Tmut           0%         N/A       99%         5
 Irradiate                Conj/Tmut      0%         3d13      99%         5
 Shadow Creatures         Summ           N/A        N/A       100%        6
 Dragon Form              Tmut           0%         N/A       100%        7


Dungeon Overview and Level Annotations

Branches:
Dungeon (2/15)

Altars:
Nemelex Xobeh


Innate Abilities, Weirdness & Mutations

You cannot wear most types of armour.
You are amphibious.
You can wear up to eight rings at the same time.
Your skin changes colour to match your surroundings (Stealth+).
Your rubbery body absorbs attacks. (AC +1, EV +1)
((You are camouflaged near water. (Stealth+)))
You have tentacles for arms and can constrict up to eight enemies at once.


Message History

A quokka is nearby!
A quokka is nearby!
A quokka is nearby!
A quokka is nearby!
Things that are here:
a +0 dagger; a goblin corpse; a ball python corpse
Found 2 ruby potions.
The quokka bites you.
You hit the quokka but do no damage. You grab the quokka.
You constrict the quokka. You hit the quokka.
The quokka is heavily wounded.
You constrict the quokka. The quokka bites you.
An adder comes into view.
The adder hisses angrily.
You hit the quokka but do no damage.
The quokka is severely wounded.
You constrict the quokka, but do no damage.
You hear a shout!
The quokka bites you but does no damage.
The quokka bites you.
You hear a shout!
You hit the quokka.
The quokka is severely wounded.
You constrict the quokka.
A bat comes into view.
The adder bites you.
You are poisoned.
The adder poisons you! The quokka bites you.
* * * LOW HITPOINT WARNING * * *
The bat moves out of view.
It was a potion of resistance.
You feel protected.
You constrict the quokka.
You kill the quokka!
* * * LOW HITPOINT WARNING * * *
You feel sick. The adder closely misses you.
* * * LOW HITPOINT WARNING * * *
You feel sick. The adder bites you.
You die...

#.# #.#...# .#. #.#
.#.#...... #.# ....
#.# #..# #.# #....#
#..... #.#..# #.#..#
#. #@#..# #..#S#..#
### # #..#.#..# #...
. .#.......# #..# #
...........# #$.# #
...#.#...#.#####..# #
..
#!##....)......######
# ####.#####.###...#
#...?....###....


You could see an adder.

Vanquished Creatures
  An adder (D:2)
  3 dart slugs (D:1)
  3 endoplasms (D:1)
  4 goblins
  A hobgoblin (D:1)
  3 quokkas
  3 ball pythons
  4 bats
  A frilled lizard (D:1)
  5 kobolds
  3 rats
31 creatures vanquished.

Notes
Turn   | Place    | Note
-------+----------+-------------------------------------------
     0 | D:1      | zeram the Octopode Enchanter began the quest for the Orb.
     0 | D:1      | Reached XP level 1. HP: 11/11 MP: 3/3
   101 | D:1      | Reached XP level 2. HP: 17/17 MP: 5/5
   104 | D:1      | Learned a level 2 spell: Ensorcelled Hibernation
   700 | D:1      | Reached skill level 5 in Stealth
   707 | D:1      | Reached XP level 3. HP: 16/21 MP: 6/6
   711 | D:1      | Learned a level 3 spell: Tukima's Dance
  1057 | D:2      | Found a sparkling altar of Nemelex Xobeh.
  1166 | D:2      | Found a faded altar of an unknown god.
  1247 | D:2      | HP: 1/21 [poisoned by an adder]
  1247 | D:2      | Slain by an adder

Illustrated notes

Levels and vault maps discovered:
D:1:      minmay_arrival_semitransparent, layout_basic
D:2:      layout_loops_ring, ebering_ecumenical_altar_sacrificial, basic_altar,
          minmay_nonomino_d4

Skill      XL: |  1  2 |
---------------+-------+-----
Stealth        | 5 |  5.5
Fighting       | |  0.1
Short Blades   | |  1.2
Dodging        | |  2.2
Spellcasting   | |  2.1
Hexes          | |  3.3

Action                   || total
-------------------------++-------
Melee: Dagger            ||    53
       Constrict         ||    10
       Tentacles         ||     7
  Use: Scroll            ||     1
       Potion            ||     1
 Stab: Sleeping          ||    15
       Distracted        ||     1
Armor: Skin              ||     7
Dodge: Dodged            ||    25
